 Dungeon Sprint DCSS version 0.27.1-33-g824d729ab1 (webtiles) character file.

Game seed: 4870289605951069889

443 manyhoops the Geomancer (level 6, -1/62 HPs)
             Began as a Deep Dwarf Earth Elementalist on Nov 28, 2021.
             Slain by a slime creature (4 damage)
             ... in the Dungeon (Sprint I: "Red Sonja").
             The game lasted 00:02:07 (511 turns).

manyhoops the Geomancer (DDEE)                       Turns: 511, Time: 00:02:08

Health: -1/62      AC: 10    Str: 13    XL:     6   Next: 71%
Magic:  1/13       EV:  9    Int: 16    God:
Gold:   172        SH:  0    Dex: 13    Spells: 5/15 levels left

rFire    . . .     SeeInvis +   a - +0 club
rCold    . . .     Faith    .   (no shield)
rNeg     . . .     Spirit   .   g - +0 scale mail
rPois    .         Reflect  .   j - +1 helmet {SInv}
rElec    .         Harm     .   (no cloak)
rCorr    .         Rampage  .   (no gloves)
Will     .....     NoTele   +   (no boots)
Stlth    +.........             (no amulet)
HPRegen  0.00/turn              (no ring)
MPRegen  0.13/turn              (no ring)

@: no status effects
A: damage resistance, heal wounds, sense surroundings 1, no regeneration
a: Heal Wounds


You were in the Dungeon.
You visited 1 branch You collected 307 gold pieces.
You spent 135 gold pieces at shops.

Inventory:

Hand Weapons
 a - a +0 club (weapon)
Missiles
 i - 6 stones
Armour
 b - a +0 robe
 g - a +0 scale mail (worn)
 j - a +1 helmet of see invisible (worn)
Scrolls
 h - a scroll of blinking
Potions
 c - a potion of curing
 d - a potion of heal wounds
 e - a potion of haste
 f - 2 potions of magic


   Skills:
 - Level 6.0 Fighting
 - Level 6.4 Maces & Flails
 - Level 7.1 Armour
 - Level 2.1 Dodging
 - Level 2.4 Stealth
 - Level 5.1 Spellcasting
 - Level 0.8 Transmutations
 + Level 9.6 Earth Magic


You had 5 spell levels left.
You knew the following spells:

 Your Spells              Type           Power      Damage    Failure   Level
a - Sandblast             Erth           70%        2d15      1%          1
b - Passwall              Tmut/Erth      16%        N/A       10%         2
c - Stone Arrow           Conj/Erth      38%        3d9       24%         3
d - Petrify               Tmut/Erth      20%        N/A       54%         4

Your spell library contained the following spells:

 Spells                   Type           Power      Damage    Failure   Level


Dungeon Overview and Level Annotations

Branches:
Dungeon (1/1)

Altars:
Cheibriados
Dithmenos
Elyvilon
Fedhas
Gozag
Hepliaklqana
Kikubaaqudgha
Makhleb
Nemelex Xobeh
Okawaru
Qazlal
Ru
Sif Muna
Trog
Uskayaw
Vehumet
Wu Jian
Xom
Yredelemnul
Zin
The Shining One
Jiyva
Lugonu

Shops:
D [


Innate Abilities, Weirdness & Mutations

You are resistant to damage.
You can heal yourself by infusing magical energy.
You passively map a small area around you.
You do not regenerate.


Message History

Aim: a slime creature (moderately wounded, 93% to hit)
The stone arrow hits the slime creature!
The slime creature is heavily wounded.
The slime creature hits you.
Unknown command.
Casting: Stone Arrow (dangerous; 24% risk of failure)
Confirm with . or Enter, or press ? or * to list all spells.
You don't have enough magic to cast this spell.
Unknown command.
Unknown command.
Casting: Stone Arrow (dangerous; 24% risk of failure)
Confirm with . or Enter, or press ? or * to list all spells.
Aiming: Sandblast (safe; 1% risk of failure)
Press: ? - help, Shift-Dir - straight line, f/p - slime creature
Aim: a slime creature (heavily wounded, 96% to hit)
The blast of sand hits the slime creature!!
The slime creature is almost dead.
The slime creature hits you!
Unknown command.
You hit the slime creature.
The slime creature is almost dead.
The slime creature hits you.
You hit the slime creature.
The slime creature is almost dead.
The slime creature hits you but does no damage.
You hit the slime creature.
The slime creature is almost dead.
The slime creature hits you!
* * * LOW HITPOINT WARNING * * *
You hit the slime creature but do no damage.
The slime creature is almost dead.
The slime creature closely misses you.
You hit the slime creature but do no damage.
The slime creature is almost dead.
The slime creature hits you!
* * * LOW HITPOINT WARNING * * *
You barely miss the slime creature.
The slime creature is almost dead.
The slime creature hits you.
You die...

################ ##*
#<.#..)..#..'..#__#,
+
#..[..#..').#.@J..+
#..#####'#####'#__#*
#..####..#...#.# ##
#..#__####..##.# ≈ ,
#..#_____##'#_.+≈ +
,*, #⌠⌠#_.∩...†..._#
≈, *
####_..__##_.#+# **
, #_____###+#, *
*####### * * *


You could see a slime creature.

Vanquished Creatures
  Sigmund (D)
  A yak (D)
  An ogre (D)
  A jelly (D)
  Ijyb (D)
5 creatures vanquished.

Notes
Turn   | Place    | Note
-------+----------+-------------------------------------------
     0 | D        | manyhoops the Deep Dwarf Earth Elementalist began the quest
                  | for the Orb.
     0 | D        | Reached XP level 1. HP: 15/15 MP: 3/3
     1 | D        | Noticed Ijyb
    19 | D        | Killed Ijyb
    20 | D        | Reached skill level 5 in Spellcasting
    20 | D        | Reached XP level 2. HP: 22/22 MP: 1/8
   180 | D        | Learned a level 2 spell: Passwall
   181 | D        | Noticed an ogre
   185 | D        | Killed an ogre
   186 | D        | Reached XP level 3. HP: 27/34 MP: 4/9
   186 | D        | Reached XP level 4. HP: 34/42 MP: 4/11
   351 | D        | Noticed Sigmund
   357 | D        | Killed Sigmund
   358 | D        | Reached skill level 5 in Fighting
   358 | D        | Reached XP level 5. HP: 35/55 MP: 5/12
   416 | D        | Found an ornate altar of the Wu Jian Council.
   416 | D        | Found a shimmering blue altar of Sif Muna.
   418 | D        | Found a radiant altar of Vehumet.
   423 | D        | Reached XP level 6. HP: 40/62 MP: 9/13
   444 | D        | Learned a level 3 spell: Stone Arrow
   448 | D        | Found Wownup's Antique Armour Emporium.
   448 | D        | Found an ancient bone altar of Kikubaaqudgha.
   448 | D        | Found a hazy altar of Hepliaklqana.
   448 | D        | Found a stormy altar of Qazlal.
   448 | D        | Found a hide-covered altar of Uskayaw.
   448 | D        | Found a blossoming altar of Fedhas.
   448 | D        | Found a bloodstained altar of Trog.
   448 | D        | Found an iron altar of Okawaru.
   448 | D        | Found a basalt altar of Yredelemnul.
   448 | D        | Found a glowing golden altar of the Shining One.
   448 | D        | Found a snail-covered altar of Cheibriados.
   448 | D        | Found a sacrificial altar of Ru.
   448 | D        | Found a glowing silver altar of Zin.
   448 | D        | Found a shadowy altar of Dithmenos.
   448 | D        | Found a white marble altar of Elyvilon.
   448 | D        | Noticed a yak
   458 | D        | Killed a yak
   459 | D        | Reached skill level 9 in Earth Magic
   464 | D        | Learned a level 4 spell: Petrify
   464 | D        | Found an opulent altar of Gozag.
   465 | D        | Found a sparkling altar of Nemelex Xobeh.
   469 | D        | Bought a shiny helmet for 135 gold pieces
   501 | D        | Found a burning altar of Makhleb.
   501 | D        | Found a viscous altar of Jiyva.
   501 | D        | Found a shimmering altar of Xom.
   501 | D        | Found a corrupted altar of Lugonu.
   501 | D        | Noticed a slime creature
   510 | D        | HP: 3/62 [slime creature (15)]
   511 | D        | Slain by a slime creature

Illustrated notes

Levels and vault maps discovered:
D:        dungeon_sprint_1 [red_sonja_temple_1, red_sonja_temple_small_1]

Skill      XL: |  1  2  3  4  5  6 |
---------------+-------------------+-----
Spellcasting   | 5 |  5.1
Fighting       | 3 5 6 |  6.0
Maces & Flails | 3 6 |  6.4
Armour         | 4 6 7 |  7.1
Earth Magic    | 9 |  9.6
Dodging        | |  2.1
Stealth        | |  2.4
Transmutations | |  0.8

Action                   |  1- 3 |  4- 6 || total
-------------------------+-------+-------++-------
Melee: Unarmed           |    14 |       ||    14
       Club              |       |     6 ||     6
 Cast: Sandblast         |     6 |    18 ||    24
       Stone Arrow       |       |     3 ||     3
 Abil: Heal Wounds       |       |     1 ||     1
  Use: Potion            |     1 |       ||     1
Armor: Robe              |     1 |       ||     1
       Scale mail        |       |     4 ||     4
Dodge: Dodged            |     7 |     4 ||    11
